 Dungeon Crawl Stone Soup version 0.27-a0-1191-g601b473118 (webtiles) character file.

Game seed: 11934088314743935122

70 flyleaff the Stinger (level 4, -9/34 HPs)
             Began as a Gnoll Wanderer on May 24, 2021.
             Was a Believer of Dithmenos.
             Mangled by Crazy Yiuf
             ... wielding a +3 quarterstaff of chaos
              (21 damage)
             ... on level 3 of the Dungeon.
             The game lasted 00:05:11 (3070 turns).

flyleaff the Stinger (Gnoll Wanderer)               Turns: 3070, Time: 00:05:12

Health: -9/34      AC:  9    Str: 13    XL:     4   Next: 22%
Magic:  5/5        EV:  9    Int:  9    God:    Dithmenos [**....]
Gold:   145        SH:  0    Dex: 13    Spells: 4/5 levels left

rFire    . . .     SeeInvis .   i - +0 rapier
rCold    . . .     Faith    .   (no shield)
rNeg     . . .     Spirit   .   d - +2 scale mail
rPois    .         Reflect  .   (no helmet)
rElec    .         Harm     .   (no cloak)
rCorr    .         Rampage  .   (no gloves)
Will     .....                  (no boots)
Stlth    +.........             (no amulet)
HPRegen  0.11/turn              (no ring)
MPRegen  0.09/turn              (no ring)

@: wreathed by umbra
A: fangs 1, strong nose, distributed training
a: Renounce Religion, Shadow Step


You were on level 3 of the Dungeon.
You worshipped Dithmenos.
Dithmenos was pleased with you.
You visited 1 branch of the dungeon, and saw 3 of its levels.

You collected 145 gold pieces.

Inventory:

Hand Weapons
 i - a +0 rapier (weapon)
Missiles
 b - 5 boomerangs of dispersal
 c - 12 poisoned darts (quivered)
Armour
 d - a +2 scale mail (worn)
Scrolls
 a - a scroll of blinking {unknown}
 e - a scroll of teleportation
 f - a scroll of identify {unknown}
Potions
 g - a potion of haste {unknown}
 h - a potion of heal wounds {unknown}


   Skills:
 + Level 2.7 Fighting
 + Level 1.0 Short Blades
 + Level 1.0 Long Blades
 + Level 1.0 Axes
 + Level 1.0 Maces & Flails
 + Level 1.0 Polearms
 + Level 1.0 Staves
 + Level 1.0 Slings
 + Level 1.0 Bows
 + Level 1.0 Crossbows
 + Level 2.7 Throwing
 + Level 4.6 Armour
 + Level 1.0 Dodging
 + Level 2.5 Stealth
 + Level 1.0 Shields
 + Level 1.0 Unarmed Combat
 + Level 1.0 Spellcasting
 + Level 0.8 Conjurations
 + Level 2.2 Hexes
 + Level 0.8 Summonings
 + Level 0.8 Necromancy
 + Level 0.8 Translocations
 + Level 0.8 Transmutations
 + Level 0.8 Fire Magic
 + Level 0.8 Ice Magic
 + Level 0.8 Air Magic
 + Level 0.8 Earth Magic
 + Level 7.1 Poison Magic
 + Level 1.1 Invocations
 + Level 1.0 Evocations


You had 4 spell levels left.
You knew the following spells:

 Your Spells              Type           Power      Damage    Failure   Level
a - Freeze                Ice            4%         1d3       73%         1

Your spell library contained the following spells:

 Spells                   Type           Power      Damage    Failure   Level
 Frozen Ramparts          Ice            2%         1d2       97%         3


Dungeon Overview and Level Annotations

Branches:
Dungeon (3/15)

Altars:
Dithmenos

Shops:
D:1 :

Annotations:
D:3 Crazy Yiuf


Innate Abilities, Weirdness & Mutations

You have very sharp teeth.
Your uncanny sense of smell can sniff out nearby items.
Your experience applies equally to all skills.


Message History

Dithmenos accepts your kill.
No target in view!
No target in view!
No target in view!
No target in view!
You see here a +0 short sword.
Found a mace.
Search for what [Enter for "weap", or ? for help]? .
Found a runed mace.
Found a runed translucent door.
You see here a +0 mace.
No target in view!
Crazy Yiuf shouts!
Found a mace.
Crazy Yiuf says, "Powder broken broken!"
Crazy Yiuf whimpers, "Blight!
Mama sizzlefizz light."
Okay, then.
Okay, then.
You open the door. You hit Crazy Yiuf but do no damage.
Crazy Yiuf hits you with a +3 quarterstaff of chaos.
Crazy Yiuf burns you.
You barely miss Crazy Yiuf. You bite Crazy Yiuf.
Crazy Yiuf is lightly wounded.
Crazy Yiuf barely misses you.
You hit Crazy Yiuf.
Crazy Yiuf is moderately wounded.
Crazy Yiuf barely misses you.
You closely miss Crazy Yiuf. You bite Crazy Yiuf.
Crazy Yiuf is moderately wounded.
Crazy Yiuf completely misses you.
You hit Crazy Yiuf.
Crazy Yiuf is heavily wounded.
Crazy Yiuf hits you with a +3 quarterstaff of chaos!
Crazy Yiuf burns you.
You barely miss Crazy Yiuf.
Crazy Yiuf is heavily wounded.
Crazy Yiuf hits you with a +3 quarterstaff of chaos.
Space warps horribly around you!!
Ouch! That really hurt!
You die...

..# ###
##### ∆
#)..# ##
#.).# .#
... .#
#g# .#
♣@♣♣
.#######
♣♣.♣
........
♣.♣♣
........
♣♣)♣
...<....
♣♣.♣♣
........
♣♣...♣
.#######
♣....♣
.#####
#....#
.....#
#....###


You could see Crazy Yiuf.

Vanquished Creatures
  4 orcs (D:2)
  2 ball pythons (D:3)
  2 bats (D:2)
  4 endoplasms
  3 giant cockroaches
  9 goblins
  9 hobgoblins
  8 jackals (D:1)
  2 quokkas
  A frilled lizard (D:2)
  5 kobolds
  5 rats
54 creatures vanquished.

Notes
Turn   | Place    | Note
-------+----------+-------------------------------------------
     0 | D:1      | flyleaff the Gnoll Wanderer began the quest for the Orb.
     0 | D:1      | flyleaff set off with the following items: a +0 dagger, 12
                  | poisoned darts, a +2 scale mail; and the following spell
                  | memorised: Freeze; and the following spells available to
                  | memorise: Frozen Ramparts
     0 | D:1      | Reached XP level 1. HP: 17/17 MP: 1/1
   122 | D:1      | Reached XP level 2. HP: 12/23 MP: 2/2
   467 | D:1      | You fall into a shaft and drop 1 floor!
   590 | D:2      | Found a faded altar of an unknown god.
   629 | D:2      | Became a worshipper of Dithmenos the Shadowed
   629 | D:2      | Reached * piety under Dithmenos
   644 | D:2      | Reached XP level 3. HP: 28/28 MP: 3/3
   755 | D:2      | HP: 1/28 [frilled lizard (2)]
  1257 | D:1      | Reached skill level 1 in Invocations
  1338 | D:1      | Found Zagryi's Book Emporium.
  1738 | D:1      | Reached skill level 1 in Short Blades
  1738 | D:1      | Reached skill level 1 in Long Blades
  1738 | D:1      | Reached skill level 1 in Axes
  1738 | D:1      | Reached skill level 1 in Maces & Flails
  1738 | D:1      | Reached skill level 1 in Polearms
  1738 | D:1      | Reached skill level 1 in Staves
  1738 | D:1      | Reached skill level 1 in Slings
  1738 | D:1      | Reached skill level 1 in Bows
  1738 | D:1      | Reached skill level 1 in Crossbows
  1738 | D:1      | Reached skill level 1 in Dodging
  1738 | D:1      | Reached skill level 1 in Shields
  1738 | D:1      | Reached skill level 1 in Unarmed Combat
  1738 | D:1      | Reached skill level 1 in Spellcasting
  1738 | D:1      | Reached skill level 1 in Evocations
  2242 | D:2      | Reached XP level 4. HP: 18/34 MP: 5/5
  2950 | D:3      | Reached ** piety under Dithmenos
  3060 | D:3      | Found a runed translucent door.
  3061 | D:3      | Noticed Crazy Yiuf
  3070 | D:3      | Mangled by Crazy Yiuf

Illustrated notes

Levels and vault maps discovered:
D:1:      dpeg_arrival_erosion, layout_basic, serial_shops, nicolae_shop_crystal
D:2:      cheibrodos_helix_gallery, layout_loops_ring,
          chequers_ecumenical_altar_simple
D:3:      layout_basic, uniq_crazy_yiuf_cottage

Skill      XL: |  1  2  3 |
---------------+----------+-----
Hexes          | 2 |  2.2
Invocations    | 1 |  1.1
Short Blades   | 1 |  1.0
Long Blades    | 1 |  1.0
Axes           | 1 |  1.0
Maces & Flails | 1 |  1.0
Polearms       | 1 |  1.0
Staves         | 1 |  1.0
Slings         | 1 |  1.0
Bows           | 1 |  1.0
Crossbows      | 1 |  1.0
Dodging        | 1 |  1.0
Shields        | 1 |  1.0
Unarmed Combat | 1 |  1.0
Spellcasting   | 1 |  1.0
Evocations     | 1 |  1.0
Fighting       | |  2.7
Throwing       | |  2.7
Armour         | |  4.6
Stealth        | |  2.5
Conjurations   | |  0.8
Summonings     | |  0.8
Necromancy     | |  0.8
Translocations | |  0.8
Transmutations | |  0.8
Fire Magic     | |  0.8
Ice Magic      | |  0.8
Air Magic      | |  0.8
Earth Magic    | |  0.8
Poison Magic   | |  7.1

Action                   |  1- 3 |  4- 6 || total
-------------------------+-------+-------++-------
Melee: Dagger            |   324 |    44 ||   368
       Bite              |    34 |     4 ||    38
       Punch             |     2 |       ||     2
       Rapier            |       |    10 ||    10
  Use: Scroll            |       |     2 ||     2
Armor: Scale mail        |   194 |    17 ||   211
Dodge: Dodged            |   180 |    30 ||   210

Table legend: (Time is in decaauts)
 A = Elapsed time spent in this place.
 B = Non-inter-level travel time spent in this place.
 C = Inter-level travel time spent in this place.
 D = Time resting spent in this place.
 E = Time spent auto-exploring this place.
 F = Levels seen in this place.
 G = Mean time per level.
                   A        B        C        D        E       F      G
               +--------+--------+--------+--------+--------+-----+--------+
         Total |   3063 |   2968 |     95 |    295 |   2093 |   3 | 1021.0 |
       Dungeon |   3063 |   2968 |     95 |    295 |   2093 |   3 | 1021.0 |
               +--------+--------+--------+--------+--------+-----+--------+

Top non-repeatable levels by time:
     D:2: 1491 daAuts
     D:1: 1404 daAuts
     D:3: 167 daAuts
